 Dungeon Crawl Stone Soup version 0.30-a0-1018-g25214051b3 (webtiles) character file.

Game seed: 16008130553272501014

182199 holysushi the Executioner (level 17, -9/168 HPs)
             Began as a Hill Orc Fighter on Apr 8, 2023.
             Was the Champion of Okawaru.
             Killed from afar by a spriggan druid (32 damage)
             ... with a stone arrow
             ... on level 2 of the Swamp.
             The game lasted 00:44:42 (35944 turns).

holysushi the Executioner (Hill Orc Fighter)       Turns: 35944, Time: 00:44:42

Health: -9/168     AC: 24    Str: 26    XL:     17   Next: 96%
Magic:  24/24      EV: 16    Int:  7    God:    Okawaru [******]
Gold:   617        SH: 31    Dex: 14    Spells: 20/20 levels left

rFire   . . .      SeeInvis .    b - +2 war axe (flame)
rCold   + . .      Faith    +    S - +18 shield of the Gong {Loud rN+ Will+ rCorr EV-5}
rNeg    + . .      Spirit   .    t - +8 ring mail of Impermeability {Fly Int-4 Slay+2}
rPois   .          Reflect  .    c - +2 helmet {Int+3}
rElec   .          Rampage  .    o - +1 cloak
rCorr   +                        N - +2 pair of gloves {Str+3}
Will    +++..                    L - +2 pair of slick slippers {slick, slippery, EV+4}
Stlth   +                        A - amulet of faith
HPRegen 0.48/turn                j - ring of willpower
MPRegen 0.19/turn                O - ring of protection from cold

@: flying, studying Shields, invisible
A: no striking features
}: 1/15 runes: serpentine
a: Renounce Religion, Heroism, Finesse, Duel


You were on level 2 of the Swamp.
You worshipped Okawaru.
Okawaru was exalted by your worship.
You visited 6 branches of the dungeon, and saw 29 of its levels.

You collected 2720 gold pieces.
You spent 2103 gold pieces at shops.

Inventory:

Hand Weapons
 a - a +0 hand axe of electrocution
 b - a +2 war axe of flaming (weapon)
 g - a +1 heavy executioner's axe
 K - a +0 battleaxe
 T - a +4 broad axe of electrocution
Armour
 c - a +2 helmet of intelligence (worn)
 o - a +1 cloak (worn)
 t - the +8 ring mail of Impermeability (worn) {Fly Int-4 Slay+2}
   (You found it on level 3 of the Dungeon)

   Int:       It affects your intelligence (-4).
   Slay:      It affects your accuracy & damage with ranged weapons and melee
   (+2).
   Fly:       It grants you flight.
 L - the +2 pair of slick slippers (worn) {slick, slippery, EV+4}
   (Okawaru gifted it to you on level 1 of the Snake Pit)

   Slick:     Its wearer cannot be constricted, engulfed, netted or webbed.
   Slippery:  It slips away from damaging melee attacks, pulling the attacker
   onward.
   EV:        It affects your evasion (+4).
 N - a +2 pair of gloves of strength (worn)
 S - the +18 shield of the Gong (worn) {Loud rN+ Will+ rCorr EV-5}
   (You found it on level 15 of the Dungeon)

   Loud:      It is deafeningly noisy when blocking attacks.
   EV:        It affects your evasion (-5).
   rN:        It protects you from negative energy.
   rCorr:     It protects you from acid and corrosion.
   Will:      It increases your willpower.
 X - the +2 shield of Resistance {rF++ rC++ Will++}
   (You found it on level 10 of the Dungeon)

   rF:        It greatly protects you from fire.
   rC:        It greatly protects you from cold.
   Will:      It greatly increases your willpower.
 Z - the +1 helmet of Amorality {-Tele rF+ rCorr Str+2}
   (Okawaru gifted it to you on level 2 of the Swamp)

   Str:       It affects your strength (+2).
   rF:        It protects you from fire.
   -Tele:     It prevents most forms of teleportation.
   rCorr:     It protects you from acid and corrosion.
Jewellery
 j - a ring of willpower (left hand)
 A - an amulet of faith (around neck)
 H - a +6 ring of intelligence
 O - a ring of protection from cold (right hand)
Wands
 f - a wand of digging (11)
 q - a wand of flame (47)
 w - a wand of paralysis (22)
 E - a wand of mindburst (19)
 F - a wand of polymorph (10)
 U - a wand of roots (12)
 W - a wand of acid (12)
Scrolls
 k - 5 scrolls of noise
 m - 5 scrolls of poison
 p - 3 scrolls of fog
 r - a scroll of enchant armour
 y - a scroll of teleportation
 G - a scroll of immolation
 J - 4 scrolls of magic mapping
 M - a scroll of amnesia
 P - a scroll of blinking
 Q - 2 scrolls of vulnerability
 V - a scroll of torment
 Y - a scroll of silence
Potions
 d - 10 potions of might
 e - 7 potions of curing
 h - 8 potions of brilliance
 i - 4 potions of invisibility
 l - a potion of haste
 n - 8 potions of ambrosia
 s - 5 potions of resistance
 u - 4 potions of flight
 v - 3 potions of lignification
 x - 3 potions of mutation
 z - 2 potions of magic
 B - 4 potions of attraction
 C - a potion of cancellation
 D - a potion of heal wounds
Miscellaneous
 I - a lightning rod (4/4)
 R - a box of beasts


   Skills:
 - Level 19.0 Fighting
 - Level 24.0 Axes
 - Level 5.0 Armour
 + Level 15.3 Dodging
 - Level 2.0 Stealth
 - Level 14.0 Shields
 - Level 2.3 Spellcasting
 - Level 10.0 Invocations
 - Level 3.0 Evocations


You had 20 spell levels left.
You didn't know any spells.
Your spell library contained the following spells:

 Spells                   Type           Power      Damage    Failure   Level
 Kiss of Death            Conj/Necr      0%         2d5       71%         1
 Magic Dart               Conj           0%         1d3       71%         1
 Slow                     Hex            0%         N/A       71%         1
 Cigotuvi's Dreadful Rot  Necr/Pois/Air  0%         N/A       83%         2
 Ensorcelled Hibernation  Hex/Ice        0%         N/A       83%         2
 Passwall                 Tmut/Erth      0%         N/A       83%         2
 Searing Ray              Conj           0%         2d4       83%         2
 Confusing Touch          Hex            0%         N/A       97%         3
 Dazzling Flash           Conj/Hex       0%         N/A       97%         3
 Hailstorm                Conj/Ice       0%         3d3       97%         3
 Ignite Poison            Fire/Tmut/Pois 0%         N/A       97%         3
 Portal Projectile        Hex/Tloc       0%         N/A       97%         3
 Swiftness                Air            0%         N/A       97%         3
 Vampiric Draining        Necr           0%         2d6       97%         3
 Anguish                  Hex/Necr       0%         N/A       100%        4
 Cause Fear               Hex            0%         N/A       100%        4
 Dispel Undead            Necr           0%         3d6       100%        4
 Fulminant Prism          Conj/Hex       0%         3d5       100%        4
 Ice Form                 Ice/Tmut       0%         N/A       100%        4
 Leda's Liquefaction      Hex/Erth       0%         N/A       100%        4
 Agony                    Necr           0%         N/A       100%        5
 Blade Hands              Tmut           0%         N/A       100%        5
 Freezing Cloud           Conj/Ice/Air   0%         6-21      100%        5
 Silence                  Hex/Air        0%         N/A       100%        5
 Dragon Form              Tmut           0%         N/A       100%        7
 Call Canine Familiar     Summ           Unusable   N/A       N/A         3
 Tukima's Dance           Hex            Unusable   N/A       N/A         3
 Simulacrum               Ice/Necr       Unusable   N/A       N/A         6
 Summon Horrible Things   Summ           Unusable   N/A       N/A         8
 Dragon's Call            Summ           Unusable   N/A       N/A         9

Dungeon Overview and Level Annotations

Branches:
Dungeon (15/15) Zot: 25179  Temple (1/1) D:4 Zot: 5775    Lair (5/5) D:11 Zot: 20515
  Swamp (2/4) Lair:3 Zot: 11371   Snake (4/4) Lair:3 Zot: 15511   Slime (0/5) Lair:5
    Orc (2/2) D:12 Zot: 10101     Elf (0/3) Orc:2        Vaults (0/5) D:13
 Depths (0/4) D:15

Altars:
Ashenzari
Cheibriados
Dithmenos
Elyvilon
Fedhas
Gozag
Hepliaklqana
Kikubaaqudgha
Makhleb
Nemelex Xobeh
Okawaru
Qazlal
Ru
Sif Muna
Trog
Uskayaw
Vehumet
Wu Jian
Xom
Yredelemnul
Zin
The Shining One
Beogh
Jiyva

Shops:
D:3 !:(?   D:11 :   Orc:1 (*   Orc:2 *:([   Snake:2 *   Snake:3 [

Portals:
Abyss: D:10

Annotations:
D:6 2 transporters, sigtrap's ghost, novice GnHu
D:10 1 runed translucent door, 2 transporters, CornPuffBuddha's ghost, journeyman HuBe
Lair:1 exclusion: oklob plant
Lair:2 1 runed translucent door


Message History

BONNNG!
You block the lindwurm's attack.
GONNNNG!
You slash the lindwurm! You burn the lindwurm.
The lindwurm is heavily wounded.
You hit the spriggan druid. You burn the spriggan druid.
You block the spriggan rider's attack.
GONNNNG!
You block the spriggan druid's attack.
BOUMMMMG!
You block the lindwurm's attack.
GONNNNG!
You block the lindwurm's attack.
GONNNNG!
The lindwurm claws you but does no damage.
You fade into invisibility!
A root smacks you from below! The spriggan rider misses you.
You block the spriggan druid's attack.
GONNNNG!
You block the lindwurm's attack.
SHROANNG!
You block the lindwurm's attack.
GONNNNG!
The lindwurm claws you but does no damage.
You hear a hideous shriek!
You hear a deafening roar!
You slash the lindwurm! You burn the lindwurm.
The lindwurm is severely wounded.
You hit the spriggan druid. You burn the spriggan druid.
You are hit by a branch!
You block the spriggan rider's attack.
GONNNNG!
The spriggan druid closely misses you. A root smacks you from below!
The lindwurm breathes flames at you. The blast of flame hits you!!
* * * LOW HITPOINT WARNING * * *
You block the spriggan rider's attack.
PTOANNNG!
The spriggan druid gestures at you while chanting.
The stone arrow hits you!!
You die...

♣♣ ♣♣ .. ♣♣♣♣ ~♣♣
~~~ .§.♣♣~~♣♣
..♣♣.~.
♣♣..♣†i♣♣>.....~
♣...~k@§♣~...~~~
♣~♣♣~♣..i♣§...~~.
♣ ♣♣♣♣♣♣i)...~~~
♣~ii.....~~ ♣♣♣
♣♣......~~~
..~~~♣♣.~~~~..~~
...~~...i~~~~~..
~.~~~~.)..♣~.~~.
.~~~~~.....^.~~~


You could see 2 spriggan riders, a lindwurm (unable to see you) and 2 spriggan
druids.

Vanquished Creatures
  Saint Roka (Snake:4)
  Vashnia (Snake:4)
  2 quicksilver dragons (Snake:4)
  Kirke (Lair:3)
  2 nagarajas
  Aizul (Snake:4)
  The ghost of NeonRainbow the Covert, a journeyman OpEn of Gozag (Lair:5)
  An orc warlord (Orc:2)
  3 eleionomae
  A lorocyproca (Snake:2)
  A bunyip (Lair:3)
  Josephine (D:11)
  2 fire dragons (D:10)
  6 hydras
  2 ice dragons (D:10)
  3 salamander tyrants (Snake:4)
  An ogre mage (D:15)
  4 centaur warriors
  3 catoblepae
  A boulder beetle (D:13)
  5 anacondas
  5 two-headed ogres
  2 orc high priests (Orc:2)
  A vampire mage (D:15)
  2 alligators
  6 naga warriors
  3 death yaks (Lair:4)
  17 naga sharpshooters
  Urug (D:11)
  3 shock serpents
  2 skeletal warriors
  A skyshark (Lair:5)
  2 salamander mystics (Snake:4)
  4 goliath frogs
  6 spectral anacondas (Snake:1)
  4 anaconda zombies (Snake:1)
  A spriggan druid (Lair:3)
  3 sea snakes (Snake:3)
  3 bog bodies (Swamp:1)
  A swamp dragon (Swamp:1)
  6 naga ritualists
  3 anaconda skeletons (Snake:1)
  8 orc knights
  6 mana vipers
  10 salamanders
  3 deep elf pyromancers
  An ugly thing (D:13)
  4 orc sorcerers
  A necromancer (D:15)
  A will-o-the-wisp (Lair:3)
  A manticore (D:15)
  A tengu skeleton (D:15)
  6 cyclopes
  A stone giant zombie (D:15)
  A frost giant zombie (D:15)
  A moth of wrath (Lair:5)
  7 guardian serpents
  41 black mambas
  2 vault sentinels (D:15)
  Joseph (D:8)
  A gargoyle (D:12)
  14 naga magi
  A black mamba (shapeshifter) (D:13)
  An eye of devastation (Lair:5)
  4 elephants (Lair:2)
  A torpor snail (Lair:5)
  19 cane toads
  4 rime drakes
  An unseen horror (D:12)
  3 centaur skeletons (D:13)
  9 komodo dragons
  5 yaktaurs (D:13)
  7 trolls
  5 anaconda simulacra (Snake:1)
  3 meliai (D:13)
  A guardian mummy (D:15)
  28 blink frogs
  4 polar bears
  A queen bee (D:13)
  3 tyrant leeches
  3 hornets
  6 dream sheep (Lair:3)
  A spriggan zombie (D:15)
  A centaur simulacrum (D:14)
  16 slime creatures
  3 spriggans
  A shadow (D:10)
  4 basilisks
  28 yaks
  5 wyverns
  A human (Lair:2)
  6 wraiths
  6 hogs
  Grum (D:11)
  A steam dragon (D:10)
  5 wargs
  24 vampire mosquitoes
  46 nagas
  14 water moccasins
  3 swamp worms
  A swamp drake (Lair:3)
  A floating eye (Lair:5)
  39 orc warriors
  A sky beast (D:8)
  6 black bears
  3 ice beasts
  6 ogres
  13 centaurs
  A boggart (D:13)
  10 wolves
  A phantom (D:6)
  3 kobold brigands
  A gnoll sergeant (D:13)
  7 scorpions
  20 bullfrogs
  26 killer bees
  8 electric eels
  2 howler monkeys
  2 jellies (D:6)
  6 hounds
  18 orc priests
  2 sleepcaps
  4 iguanas
  Natasha (thrice) (D:2)
  27 orc wizards
  A boggart simulacrum (D:14)
  Robin (D:2)
  4 gnolls (D:13)
  4 adders
  4 white imps (D:14)
  2 ufetubi (D:14)
  A worm (D:4)
  2 dart slugs
  75 orcs
  6 bats
  3 endoplasms
  3 giant cockroaches (D:1)
  11 goblins
  14 hobgoblins
  3 quokkas
  6 ball pythons
  4 frilled lizards
  15 kobolds
  4 rats
879 creatures vanquished.

Vanquished Creatures (others)
  A goliath frog (Swamp:1)
  A centaur skeleton (D:13)
  3 bloated husks (Swamp:1)
  A hornet (Swamp:2)
  3 spriggans (Swamp:2)
  A vampire mosquito (Swamp:2)
  A swamp drake (Swamp:2)
  An orc wizard (D:13)
  4 foxfires
  24 fungi
  128 plants
  6 withered plants (D:15)
174 creatures vanquished.

Grand Total: 1053 creatures vanquished

Notes
Turn   | Place    | Note
-------+----------+-------------------------------------------
     0 | D:1      | holysushi the Hill Orc Fighter began the quest for the Orb.
     0 | D:1      | Reached XP level 1. HP: 19/19 MP: 1/1
    69 | D:1      | Reached skill level 3 in Axes
    91 | D:1      | Reached XP level 2. HP: 22/26 MP: 2/2
   181 | D:1      | Reached skill level 4 in Axes
   571 | D:2      | Found the amulet of Elemental Vulnerability {rPois rF--
                  | rC-- AC+8}
   575 | D:2      | Reached XP level 3. HP: 31/31 MP: 3/3
   722 | D:2      | Noticed Natasha
   733 | D:2      | Killed Natasha
   734 | D:2      | Reached skill level 5 in Axes
   801 | D:2      | Noticed Robin
   810 | D:2      | Reached XP level 4. HP: 25/39 MP: 4/4
   828 | D:2      | Killed Robin
   890 | D:2      | Reached skill level 6 in Axes
  1160 | D:2      | Noticed Natasha
  1166 | D:2      | Killed Natasha
  1167 | D:2      | Reached XP level 5. HP: 45/45 MP: 5/5
  1191 | D:2      | Noticed Natasha
  1194 | D:2      | Killed Natasha
  1195 | D:2      | Reached skill level 7 in Axes
  1639 | D:3      | Noticed an ogre
  1659 | D:3      | Killed an ogre
  1660 | D:3      | Reached skill level 8 in Axes
  1660 | D:3      | Reached XP level 6. HP: 27/51 MP: 6/6
  1921 | D:3      | Identified the +8 ring mail of Impermeability {Fly Int-4
                  | Slay+2}
  2057 | D:3      | Found Feed's Book Shop.
  2120 | D:3      | Found Kyamun's Distillery.
  2123 | D:3      | Bought a potion of haste for 110 gold pieces
  2123 | D:3      | Bought a potion of flight for 33 gold pieces
  2123 | D:3      | Bought a potion of curing for 33 gold pieces
  2123 | D:3      | Bought a potion of lignification for 33 gold pieces
  2169 | D:3      | Found Quymu's Antique Weapon Boutique.
  2225 | D:3      | Found Rylisy's Magic Scroll Shop.
  2228 | D:3      | Bought a scroll of identify for 24 gold pieces
  2647 | D:4      | Found a staircase to the Ecumenical Temple.
  2706 | Temple   | Entered the Ecumenical Temple
  2904 | Temple   | Became a worshipper of Warmaster Okawaru
  3227 | D:4      | Noticed a black bear
  3239 | D:4      | Killed a black bear
  3240 | D:4      | Reached skill level 9 in Axes
  3440 | D:5      | Entered Level 5 of the Dungeon
  3539 | D:5      | Noticed a black bear
  3545 | D:5      | Reached XP level 7. HP: 57/57 MP: 7/7
  3550 | D:5      | Reached skill level 10 in Axes
  3643 | D:5      | Found a shimmering altar of Xom.
  4078 | D:6      | Reached skill level 11 in Axes
  4091 | D:6      | Reached * piety under Okawaru
  4135 | D:6      | Reached XP level 8. HP: 64/64 MP: 8/8
  4157 | D:6      | Found a glowing golden altar of the Shining One.
  4162 | D:6      | Reached skill level 12 in Axes
  4260 | D:6      | Found a transporter.
  4290 | D:6      | Noticed a two-headed ogre
  4293 | D:6      | Noticed sigtrap's ghost (novice GnHu)
  4295 | D:6      | Reached ** piety under Okawaru
  4367 | D:6      | Reached skill level 13 in Axes
  4368 | D:6      | Found a sparkling altar of Nemelex Xobeh.
  4414 | D:6      | Reached skill level 14 in Axes
  4457 | D:6      | Found a transporter.
  4611 | D:6      | Reached XP level 9. HP: 70/70 MP: 9/9
  4816 | D:7      | Found a stormy altar of Qazlal.
  5336 | D:7      | Found a glowing silver altar of Zin.
  5409 | D:7      | Found a hide-covered altar of Uskayaw.
  5441 | D:8      | Noticed Joseph
  5451 | D:7      | Reached skill level 15 in Axes
  5474 | D:8      | Killed Joseph
  5801 | D:8      | Reached *** piety under Okawaru
  5802 | D:8      | Reached skill level 1 in Invocations
  5908 | D:8      | Reached skill level 1 in Stealth
  5908 | D:8      | Reached skill level 1 in Evocations
  6143 | D:9      | Reached skill level 1 in Dodging
  6317 | D:9      | Found a sacrificial altar of Ru.
  6351 | D:9      | Found an opulent altar of Gozag.
  6639 | D:9      | Reached skill level 16 in Axes
  6797 | D:10     | Entered Level 10 of the Dungeon
  6799 | D:10     | Reached XP level 10. HP: 80/80 MP: 12/12
  6844 | D:10     | Noticed an ice dragon
  6846 | D:10     | Noticed a fire dragon
  6850 | D:10     | Found a runed translucent door.
  6851 | D:10     | Noticed a fire dragon
  6855 | D:10     | Noticed an ice dragon
  6875 | D:10     | Found the +2 shield of Resistance {rF++ rC++ Will++}
  6876 | D:10     | Found a runed translucent door.
  6904 | D:10     | Found a shimmering blue altar of Sif Muna.
  6992 | D:10     | Found an ancient bone altar of Kikubaaqudgha.
  7117 | D:10     | Reached **** piety under Okawaru
  7118 | D:10     | Reached skill level 5 in Fighting
  7194 | D:10     | Found a transporter.
  7196 | D:10     | Noticed a tentacled starspawn
  7196 | D:10     | Noticed a toenail golem
  7197 | D:10     | Noticed a toenail golem
  7240 | D:10     | Found a transporter.
  7254 | D:10     | Found a one-way gate to the infinite horrors of the Abyss.
  7287 | D:10     | Noticed CornPuffBuddha's ghost (journeyman HuBe)
  7389 | D:10     | Found a snail-covered altar of Cheibriados.
  7654 | D:10     | Reached skill level 5 in Invocations
  8067 | D:11     | Noticed Josephine
  8081 | D:11     | Found a staircase to the Lair.
  8089 | Lair:1   | Entered Level 1 of the Lair of Beasts
  8112 | Lair:1   | Noticed a cane toad
  8115 | Lair:1   | Reached ***** piety under Okawaru
  8116 | Lair:1   | Reached skill level 17 in Axes
  8129 | Lair:1   | Killed a cane toad
  8149 | Lair:1   | Reached skill level 5 in Dodging
  8160 | Lair:1   | Reached XP level 11. HP: 30/86 MP: 14/14
  8443 | Lair:1   | Found a sacrificial altar of Ru.
  8562 | Lair:1   | Received a gift from Okawaru
  8934 | Lair:1   | Noticed an oklob plant
  9159 | Lair:1   | Identified the +4 long sword of Peoh {antimagic, *Rage
                  | Str+5 Dex+4}
 10090 | Lair:2   | Identified the +4 scale mail "Vikacax" {Str+3} (Okawaru
                  | gifted it to you on level 2 of the Lair of Beasts)
 10090 | Lair:2   | Received a gift from Okawaru
 10629 | Lair:2   | Reached XP level 12. HP: 86/105 MP: 15/15
 10808 | Lair:2   | Found a runed translucent door.
 10814 | Lair:2   | Noticed a tentacled starspawn
 10970 | Lair:3   | Reached skill level 10 in Fighting
 11047 | Lair:3   | Noticed Kirke
 11187 | Lair:3   | Reached ****** piety under Okawaru
 11215 | Lair:3   | Noticed an eight-headed hydra
 11235 | Lair:3   | Killed a two-headed hydra
 11541 | Lair:3   | Noticed a six-headed hydra
 11562 | Lair:3   | Killed a one-headed hydra
 11643 | Lair:3   | Identified a scroll of acquirement
 11661 | Lair:3   | Identified the scarf of Heagg {repulsion, -Tele rElec rC+++
                  | Slay-4} (Okawaru gifted it to you on level 3 of the Lair of
                  | Beasts)
 11661 | Lair:3   | Received a gift from Okawaru
 11662 | Lair:3   | Reached skill level 10 in Dodging
 11737 | Lair:3   | Found a staircase to the Snake Pit.
 11832 | Lair:3   | Found a staircase to the Swamp.
 11914 | Lair:3   | Acquired a manual of Fighting
 12114 | Lair:2   | Reached skill level 18 in Axes
 12329 | Lair:3   | Killed Kirke
 12639 | Lair:4   | Reached XP level 13. HP: 108/116 MP: 16/16
 13308 | Lair:4   | Got the Quarto of the Supportive Faeries
 13545 | Lair:5   | Entered Level 5 of the Lair of Beasts
 13678 | Lair:5   | Found a staircase to the Slime Pits.
 13678 | Lair:5   | Found a viscous altar of Jiyva.
 13774 | Lair:5   | Noticed NeonRainbow's ghost (journeyman OpEn)
 13781 | Lair:5   | Found a transporter.
 13838 | Lair:5   | Received a gift from Okawaru
 13864 | Lair:5   | Reached skill level 19 in Axes
 14598 | Lair:5   | Reached skill level 15 in Fighting
 14598 | Lair:5   | Reached XP level 14. HP: 135/135 MP: 17/17
 14778 | Lair:5   | Found a transporter.
 15079 | D:11     | Killed Josephine
 15085 | D:11     | Reached skill level 20 in Axes
 15220 | D:11     | Noticed Grum
 15237 | D:11     | Killed Grum
 15377 | D:11     | Identified the +1 scale mail "Pogazxy" {rPois SInv Stlth+}
 15387 | D:11     | Identified the +1 robe "Cusuxaw" {rN+} (Okawaru gifted it
                  | to you on level 11 of the Dungeon)
 15387 | D:11     | Received a gift from Okawaru
 15532 | D:11     | Found Gokoc's Book Shoppe.
 15547 | D:11     | Noticed Urug
 15558 | D:11     | Killed Urug
 17144 | D:12     | Found a roughly hewn altar of Beogh.
 17144 | D:12     | Found a staircase to the Orcish Mines.
 18023 | Lair:5   | Killed NeonRainbow's ghost
 18205 | Lair:5   | HP: 5/135 [seven-headed hydra (18)]
 19521 | D:13     | Reached skill level 21 in Axes
 20350 | D:13     | Found a gate to the Vaults.
 20498 | D:13     | Reached XP level 15. HP: 144/144 MP: 18/18
 20648 | D:13     | Reached skill level 5 in Shields
 20754 | Orc:1    | Entered Level 1 of the Orcish Mines
 20814 | Orc:1    | Received a gift from Okawaru
 21002 | Orc:1    | Found Oqoqimots's Weapon Shoppe.
 21105 | Orc:1    | Found Qeamirie's General Store.
 21126 | Orc:1    | Bought an amulet of guardian spirit for 330 gold pieces
 21140 | Orc:1    | You are sucked into a shaft and drop 1 floor!
 21140 | Orc:2    | Entered Level 2 of the Orcish Mines
 21140 | Orc:2    | Found a roughly hewn altar of Beogh.
 21156 | Orc:2    | Noticed an orc warlord
 21179 | Orc:2    | Killed an orc warlord
 21180 | Orc:2    | Reached skill level 5 in Armour
 21184 | Orc:2    | Reached skill level 1 in Spellcasting
 21201 | Orc:2    | Found Wigiv's Book Emporium.
 21215 | Orc:2    | Found Icvosym's General Store.
 21643 | Orc:2    | Bought a scroll of teleportation for 39 gold pieces
 21643 | Orc:2    | Bought a potion of invisibility for 104 gold pieces
 21695 | Orc:2    | Found a staircase to the Elven Halls.
 21813 | Orc:2    | Found Xyecigod's Antique Weapon Emporium.
 21828 | Orc:2    | Found Gape's Antique Armour Emporium.
 21835 | Orc:2    | Bought a glimmering troll leather armour for 600 gold
                  | pieces
 21835 | Orc:2    | Identified the +4 troll leather armour of the Invisible
                  | Hand {Regen+ Int+2} (You bought it in a shop on level 2 of
                  | the Orcish Mines)
 22105 | Orc:2    | Found a burning altar of Makhleb.
 23478 | D:15     | Entered Level 15 of the Dungeon
 24315 | D:15     | Found the +18 shield of the Gong {Loud rN+ Will+ rCorr
                  | EV-5}
 24389 | D:15     | Found a staircase to the Depths.
 24404 | D:15     | Identified the +5 quarterstaff of Okawaru's Envy {heavy,
                  | rElec rC- rCorr Int+4} (Okawaru gifted it to you on level
                  | 15 of the Dungeon)
 24404 | D:15     | Received a gift from Okawaru
 24590 | D:15     | Reached skill level 22 in Axes
 24711 | D:15     | Identified the +0 chain mail of Makhleb's Supremacy {Harm
                  | rCorr}
 25208 | Swamp:1  | Entered Level 1 of the Swamp
 25581 | Snake:1  | Entered Level 1 of the Snake Pit
 25590 | Snake:1  | Reached XP level 16. HP: 126/157 MP: 21/21
 25802 | Snake:1  | Received a gift from Okawaru
 25802 | Snake:1  | Found the +2 pair of slick slippers {slick, slippery, EV+4}
 26838 | Snake:1  | Identified the +11 shortbow of the Grave {freeze, rF+
                  | Will+}
 28297 | Snake:2  | Found Rumuj's Assorted Antiques.
 28303 | Snake:2  | Bought a potion of heal wounds for 150 gold pieces
 28380 | Snake:2  | Noticed a nagaraja
 28393 | Snake:2  | Killed a nagaraja
 28393 | Snake:2  | Received a gift from Okawaru
 28854 | Snake:3  | Found Siafet's Antique Armour Shoppe.
 28916 | Snake:2  | Reached skill level 23 in Axes
 28916 | Snake:2  | Reached skill level 10 in Invocations
 30764 | Snake:3  | Acquired a manual of Shields
 30787 | Snake:3  | Bought a pitted chain mail for 332 gold pieces
 30787 | Snake:3  | Identified the +0 chain mail of the Great Game {-Tele MP+9
                  | Int-5 Dex+6} (You bought it in a shop on level 3 of the
                  | Snake Pit)
 30787 | Snake:3  | Bought a smoking scale mail for 315 gold pieces
 30787 | Snake:3  | Identified the +0 scale mail of Prudence {-Tele rC+ Will-
                  | rCorr Int+4} (You bought it in a shop on level 3 of the
                  | Snake Pit)
 31203 | Snake:4  | Entered Level 4 of the Snake Pit
 31228 | Snake:4  | Reached XP level 17. HP: 168/168 MP: 24/24
 31242 | Snake:4  | Reached skill level 24 in Axes
 31722 | Snake:4  | Received a gift from Okawaru
 31927 | Snake:4  | Reached skill level 10 in Shields
 31962 | Snake:4  | Noticed Saint Roka
 32479 | Snake:4  | Killed Saint Roka
 33197 | Snake:4  | Noticed a quicksilver dragon
 33223 | Snake:4  | Killed a quicksilver dragon
 33676 | Snake:4  | Noticed Aizul
 33687 | Snake:4  | Received a gift from Okawaru
 33690 | Snake:4  | Noticed a quicksilver dragon
 33704 | Snake:4  | Killed Aizul
 33717 | Snake:4  | Killed a quicksilver dragon
 34209 | Snake:4  | Noticed Vashnia
 34245 | Snake:4  | Killed Vashnia
 34611 | Snake:4  | Got a serpentine rune of Zot
 35320 | Swamp:1  | Reached skill level 15 in Dodging
 35686 | Swamp:1  | Identified the +4 ring mail of Peek-a-Boo {-Cast rPois
                  | Str+3}
 35891 | Swamp:2  | Identified the +1 helmet of Amorality {-Tele rF+ rCorr
                  | Str+2} (Okawaru gifted it to you on level 2 of the Swamp)
 35891 | Swamp:2  | Received a gift from Okawaru
 35944 | Swamp:2  | Killed from afar by a spriggan druid

Illustrated notes

Levels and vault maps discovered:
D:1:      beargit_arrival_diablo_church, layout_basic
D:2:      layout_loops_cross, uniq_natasha, uniq_robin
D:3:      kennysheep_six_static_rooms, layout_rooms, serial_shops,
          nicolae_lakefront_shop, nicolae_shop_behind_doors,
          nicolae_shop_behind_doors, shop, kennysheep_crisscross,
          minmay_distorted
D:4:      layout_cave_pods, minmay_temple_entry_mist
D:5:      layout_basic, general_overflow_altar, chequers_serial_rivers_room_a
D:6:      layout_rooms, nemelex_xobeh_ov_fountains_minmay, tso_metal_star,
          gammafunk_ghost_arena
D:7:      layout_loops_ring, zin_statuary, mainiacjoe_overflow_swirl
D:8:      layout_cave_pools, uniq_joseph
D:9:      layout_basic, mainiacjoe_overflow_alcove_4, overflow_temple_1_default
D:10:     layout_basic, mainiacjoe_overflow_concentric_impassable,
          mainiacjoe_overflow_alcove_1, mainiacjoe_overflow_alcove_2,
          gammafunk_ghost_abyssal_escape, minmay_guarded_unrand_resistance
D:11:     layout_irregular_city, grunt_lair_entry_orc_guard_hut, serial_shops,
          kennysheep_little_box, uniq_grum, uniq_urug, uniq_josephine
D:12:     layout_basic, david_orc_5
D:13:     layout_grid_maze, hangedman_vaults_entry_quadrant_bands, special_room
          [special_room_bee], hangedman_abyss_or_decor_passed
D:14:     layout_long_grid, serial_bayou_lagoon_a, serial_ice, serial_ice_d,
          serial_ice_j, serial_ice_o, serial_ice_e, minmay_misc_feat_tiny
D:15:     gammafunk_depths_entry_grave, layout_long_grid, grunt_decor_fettered,
          hellmonk_guarded_unrand_gong
Temple:   grunt_temple_mini_profane
Lair:1:   layout_cave_pods, basic_altar
Lair:2:   layout_loops_ring, pdpol_lair_cabin_in_the_woods, grunt_megastairs_4
Lair:3:   layout_gridlike, minmay_swamp_entry_swarm,
          minmay_snake_entry_guardpost_medium, serial_bayou,
          serial_bayou_pond_d, serial_bayou_shore_a, serial_bayou_ford_a,
          serial_bayou_pond_c, serial_bayou_pond_e, uniq_kirke
Lair:4:   layout_regular_city
Lair:5:   minmay_lair_end_frog_pond, layout_long_grid, minmay_slime_entry_eyes,
          gammafunk_ghost_berserking_beasts
Swamp:1:  layout_basic_swamp, evilmike_swamp_ruin_rubble_1,
          infiniplex_staircase_pool
Swamp:2:  layout_basic_swamp, nicolae_swamp_dense_foliage,
          hangedman_swamp_double_dragon
Snake:1:  layout_onion_interference, nicolae_snake_dead_anacondas
Snake:2:  layout_onion, minmay_shop_star, nicolae_integral_box,
          lemuel_fruit_tree
Snake:3:  layout_basic, nicolae_stop_n_shop_2
Snake:4:  hellmonk_snake_rune_quicksilver_temple, layout_cave_town,
          serial_bayou_shore_b, uniq_vashnia, uniq_saint_roka, uniq_aizul
Orc:1:    layout_diamond_mine, serial_shops, nicolae_shop_advertising_works
          [nicolae_subvault_shop_adworks], shop
Orc:2:    grunt_orc_cross, layout_diamond_mine, basic_altar

Skill      XL: |  1  2  3  4  5  6  7  8  9 10 11 12 13 14 15 16 17 |
---------------+----------------------------------------------------+-----
Axes           | 3 4 5 6 8 9 11 14 16 17 18 19 21 22 23 24 | 24.0
Invocations    | 3 5 7 10 | 10.0
Fighting       | 4 5 9 11 15 16 18 19 | 19.0
Stealth        | 2 |  2.0
Evocations     | 2 3 |  3.0
Dodging        | 1 5 7 10 11 12 13 14 15 | 15.3
Shields        | 4 6 14 | 14.0
Armour         | 4 5 |  5.0
Spellcasting   | 2 |  2.3

Action                     |  1- 3 |  4- 6 |  7- 9 | 10-12 | 13-15 | 16-18 || total
---------------------------+-------+-------+-------+-------+-------+-------++-------
  Melee: War axe           |    63 |   159 |   132 |   138 |  1081 |   689 ||  2262
         Battleaxe         |       |       |    96 |     5 |       |       ||   101
         Hand axe          |       |       |       |   454 |       |       ||   454
         Unarmed           |       |       |       |     2 |       |       ||     2
         Broad axe         |       |       |       |       |       |   170 ||   170
 Invoke: Heroism           |       |       |       |       |     7 |     3 ||    10
         Finesse           |       |       |       |       |     4 |     1 ||     5
  Evoke: Wand              |       |       |       |       |     5 |       ||     5
         Lightning rod     |       |       |       |       |     5 |       ||     5
    Use: Scroll            |       |     9 |     2 |    12 |    12 |    10 ||    45
         Potion            |       |       |       |     2 |     6 |     7 ||    15
   Stab: Sleeping          |       |       |       |     1 |       |       ||     1
         Petrified         |       |       |       |       |     1 |       ||     1
         Confused          |       |       |       |       |       |     2 ||     2
 Armour: Scale mail        |    52 |    63 |       |       |       |       ||   115
         Ring mail         |       |    36 |   182 |   320 |   500 |   159 ||  1197
         Skin              |       |       |       |     2 |       |       ||     2
  Dodge: Dodged            |    31 |    66 |   133 |   342 |   682 |   241 ||  1495
  Block: Buckler           |    17 |    32 |    31 |    92 |    78 |       ||   250
         Kite shield       |       |       |       |       |   429 |  1094 ||  1523

Table legend: (Time is in decaauts)
 A = Elapsed time spent in this place.
 B = Non-inter-level travel time spent in this place.
 C = Inter-level travel time spent in this place.
 D = Time resting spent in this place.
 E = Time spent auto-exploring this place.
 F = Levels seen in this place.
 G = Mean time per level.
                   A        B        C        D        E       F      G
               +--------+--------+--------+--------+--------+-----+--------+
         Total |  35440 |  33084 |   2356 |   9271 |  17165 |  29 | 1222.1 |
       Dungeon |  14717 |  13632 |   1085 |   1806 |   9168 |  15 |  981.1 |
        Temple |    224 |    188 |     36 |      0 |    181 |   1 |  224.0 |
          Lair |   9484 |   8621 |    863 |   3249 |   3384 |   5 | 1896.8 |
         Swamp |    627 |    596 |     31 |     35 |    388 |   2 |  313.5 |
     Snake Pit |   8488 |   8276 |    212 |   3919 |   2858 |   4 | 2122.0 |
  Orcish Mines |   1898 |   1771 |    127 |    261 |   1186 |   2 |  949.0 |
               +--------+--------+--------+--------+--------+-----+--------+

Top non-repeatable levels by time:
 Snake:3: 3598 daAuts
  Lair:3: 2744 daAuts
  Lair:5: 2254 daAuts
 Snake:4: 1755 daAuts
 Snake:1: 1678 daAuts
  Lair:2: 1663 daAuts
  Lair:1: 1555 daAuts
    D:10: 1543 daAuts
    D:13: 1478 daAuts
 Snake:2: 1455 daAuts
    D:12: 1454 daAuts
    D:15: 1433 daAuts
  Lair:4: 1267 daAuts
    D:11: 1249 daAuts
   Orc:2: 1142 daAuts
